 Dungeon Crawl Stone Soup version 0.23-a0-85-g22930c1 (webtiles) character file.

1472 zb2018 the Thaumaturge (level 8, -1/42 HPs)
             Began as a Deep Elf Necromancer on Aug 13, 2018.
             Was an Initiate of Kikubaaqudgha.
             Slain by a killer bee (5 damage)
             ... on level 7 of the Dungeon on Aug 14, 2018.
             The game lasted 00:25:40 (8673 turns).

zb2018 the Thaumaturge (Deep Elf Necromancer)       Turns: 8673, Time: 00:25:41

Health: -1/42      AC:  4    Str:  5    XL:     8   Next: 49%
Magic:  4/23       EV: 13    Int: 23    God:    Kikubaaqudgha [......]
Gold:   297        SH:  0    Dex: 15    Spells: 14/26 levels left

rFire    . . .     SeeInvis .   a - +1 dagger (venom)
rCold    . . .     Gourm    .   (no shield)
rNeg     . . .     Faith    .   w - +0 robe
rPois    .         Spirit   .   (no helmet)
rElec    .         Reflect  .   j - +0 cloak
rCorr    .         Harm     .   y - +0 pair of gloves
MR       .....                  (no boots)
Stlth    ++........             (no amulet)
HPRegen  0.14/turn              f - ring of wizardry
MPRegen  0.18/turn              (no ring)

@: lethally poisoned (-1 -> -7)
A: no striking features
a: Renounce Religion


You were on level 7 of the Dungeon.
You worshipped Kikubaaqudgha.
Kikubaaqudgha was noncommittal.
You were not hungry.

You visited 2 branches of the dungeon, and saw 9 of its levels.

You collected 297 gold pieces.

Inventory:

Hand Weapons
 a - a +1 dagger of venom (weapon)
 g - a +0 falchion
 v - a +1 flail of holy wrath
Missiles
 r - a throwing net (quivered)
Armour
 j - a +0 cloak (worn)
 w - a +0 robe (worn)
 y - a +0 pair of gloves (worn)
Jewellery
 f - a ring of wizardry (left hand)
Scrolls
 b - a scroll of blinking {unknown}
 e - 3 scrolls of amnesia {unknown}
 k - 4 scrolls of teleportation {unknown}
 l - a scroll of immolation {unknown}
 n - 2 scrolls of enchant armour {unknown}
 o - 5 scrolls of identify {unknown}
 t - a scroll of fear {unknown}
 u - 2 scrolls of magic mapping {unknown}
 B - a scroll of enchant weapon {unknown}
Potions
 d - a potion of heal wounds {unknown}
 h - 2 potions of degeneration {unknown}
 i - 3 potions of curing {unknown}
 m - a potion of resistance {unknown}
 p - a potion of lignification {unknown}
 q - a potion of flight {unknown}
 x - 2 potions of might {unknown}
 z - 2 potions of brilliance {unknown}
 A - 2 potions of haste {unknown}
Comestibles
 c - 6 rations


   Skills:
 + Level 0.4 Fighting
 + Level 1.3 Short Blades
 + Level 3.0 Dodging
 + Level 3.0 Stealth
 * Level 9.8 Spellcasting
 + Level 0.6 Charms
 * Level 9.8 Necromancy


You had 14 spell levels left.
You knew the following spells:

 Your Spells              Type           Power        Failure   Level  Hunger
a - Pain                  Necr           ####         1%          1    None
b - Animate Skeleton      Necr           N/A          1%          1    None
c - Vampiric Draining     Necr           ######....   1%          3    None
d - Regeneration          Chrm/Necr      #####.....   1%          3    None
e - Animate Dead          Necr           N/A          1%          4    ##.....

Your spell library contained the following spells:

 Spells                   Type           Power        Failure   Level  Hunger
 Summon Small Mammal      Summ           ##..         2%          1    None
 Summon Ice Beast         Ice/Summ       ##......     22%         4    ##.....
 Call Imp                 Summ           ##......     3%          2    None
 Call Canine Familiar     Summ           ##......     7%          3    None
 Summon Lightning Spire   Summ/Air       ##......     22%         4    ##.....
 Summon Guardian Golem    Hex/Summ       ##......     7%          3    None


Dungeon Overview and Level Annotations

Branches:
Dungeon (8/15)             Temple (1/1) D:5
   Lair: D:8-11

Altars:
Ashenzari
Dithmenos
Elyvilon
Fedhas
Gozag
Hepliaklqana
Kikubaaqudgha
Makhleb
Nemelex Xobeh
Okawaru
Qazlal
Ru
Sif Muna
Trog
Uskayaw
Vehumet
Wu Jian
Xom
Yredelemnul
Zin
The Shining One

Shops:
D:5 =

Annotations:
D:3 Grinder
D:5 exclusion: phantom
D:6 Eustachio, Sigmund


Message History

Aiming: Vampiric Draining (safe; 1% risk of failure)
Press: ? - help, Shift-Dir - straight line, f/p - killer bee
Aim: a killer bee (almost dead)
You kill the killer bee!
Kikubaaqudgha accepts your kill.
You feel life coursing into your body.
You feel sick. The killer bee stings you!
* * * LOW HITPOINT WARNING * * *
Casting: Vampiric Draining (safe; 1% risk of failure)
Confirm with . or Enter, or press ? or * to list all spells.
Aiming: Vampiric Draining (safe; 1% risk of failure)
Press: ? - help, Shift-Dir - straight line, f - killer bee
Aim: a killer bee The killer bee is moderately wounded.
You feel life coursing into your body.
You feel sick. The killer bee stings you.
* * * LOW HITPOINT WARNING * * *
The killer bee stings you.
You die...
Kikubaaqudgha rasps: "You have failed me!
Welcome... death!"

###....####
........#.
#..Y....
#y.....#.#.#
#?#.#.#
#r#.#.#
#y#.#.#
#y#.#.#
#@#.#.#
##.#.#.#.#
#........# z#
#....#.#.###
.# #.##.#.#.#
..# #
.....#.# ..#
##...#.# ...#
#...#.# ...#
#)..#.#######


You could see 2 killer bees and a quokka.

Vanquished Creatures
  Edmund (D:5)
  An ogre (D:7)
  A sky beast (D:7)
  A phantom (D:7)
  Blork the orc (D:5)
  4 bullfrogs
  A scorpion (D:7)
  2 killer bees (D:7)
  A howler monkey (D:6)
  2 crimson imps
  5 hounds
  An orc priest (D:5)
  3 orc wizards (D:5)
  2 iguanas
  2 worker ants
  A howler monkey zombie (D:8)
  6 gnolls
  A howler monkey skeleton (D:4)
  6 adders
  An ooze (D:3)
  A dart slug (D:1)
  6 leopard geckos
  11 orcs
  12 giant cockroaches
  2 hobgoblins (D:1)
  3 jackals (D:2)
  A quokka (D:2)
  4 bats
  5 goblins
  6 kobolds
  A quokka skeleton (D:7)
  A rat (D:1)
96 creatures vanquished.

Vanquished Creatures (collateral kills)
  A howler monkey skeleton (D:4)
  A gnoll (D:7)
2 creatures vanquished.

Grand Total: 98 creatures vanquished

Notes
Turn   | Place    | Note
-------+----------+-------------------------------------------
     0 | D:1      | zb2018 the Deep Elf Necromancer began the quest for the Orb.
     0 | D:1      | Reached XP level 1. HP: 10/10 MP: 6/6
    27 | D:1      | Learned a level 1 spell: Animate Skeleton
   129 | D:1      | Reached skill level 5 in Necromancy
   546 | D:1      | Reached XP level 2. HP: 11/15 MP: 2/8
  1366 | D:3      | Noticed Grinder
  1701 | D:3      | Found an iron altar of Okawaru.
  1781 | D:2      | Found an iron altar of Okawaru.
  1783 | D:2      | Found an opulent altar of Gozag.
  1784 | D:2      | Found a blossoming altar of Fedhas.
  1965 | D:2      | Reached XP level 3. HP: 19/19 MP: 8/10
  1970 | D:2      | Learned a level 3 spell: Vampiric Draining
  1974 | D:2      | Learned a level 3 spell: Regeneration
  2435 | D:3      | Found a faded altar of an unknown god.
  2857 | D:3      | Noticed a bullfrog
  2864 | D:3      | Killed a bullfrog
  2864 | D:3      | Reached skill level 5 in Spellcasting
  2864 | D:3      | Reached XP level 4. HP: 13/24 MP: 5/13
  3527 | D:5      | Entered Level 5 of the Dungeon
  3573 | D:4      | Reached XP level 5. HP: 18/28 MP: 9/15
  4270 | D:5      | Noticed a phantom
  4533 | D:4      | Learned a level 4 spell: Animate Dead
  5093 | D:5      | Reached XP level 6. HP: 28/32 MP: 11/17
  5272 | D:5      | Noticed Blork the orc
  5281 | D:5      | Found Poze's Jewellery Shop.
  5824 | D:5      | Noticed Edmund
  6138 | D:5      | Found a staircase to the Ecumenical Temple.
  6143 | D:5      | Found a glowing silver altar of Zin.
  6184 | Temple   | Entered the Ecumenical Temple
  6351 | Temple   | Became a worshipper of Kikubaaqudgha
  6455 | D:5      | Reached skill level 1 in Short Blades
  6839 | D:6      | Reached XP level 7. HP: 26/36 MP: 11/20
  6880 | D:6      | Noticed Sigmund
  6944 | D:5      | Killed Edmund
  7498 | D:6      | Noticed a two-headed ogre
  7512 | D:6      | Noticed Eustachio
  7744 | D:5      | Killed Blork the orc
  8067 | D:8      | Noticed a wyvern
  8313 | D:7      | Reached XP level 8. HP: 19/41 MP: 13/23
  8564 | D:7      | Found a burning altar of Makhleb.
  8673 | D:7      | Slain by a killer bee

Vault maps used:
D:1:      scummos_arrival_star
D:2:      gammafunk_temple_overflow_forgotten
D:3:      minmay_roachtagon, chequers_ecumenical_altar_island, okawaru_trees_2,
          uniq_grinder
D:5:      temple_statues, first_ration, serial_shops, nicolae_shop_trees,
          basic_altar, grunt_tough_drop, uniq_blork_the_orc, uniq_edmund
D:6:      serial_aquarium, aquarium_bridge_square, aquarium_window_corridor_1,
          aquarium_window_fake, aquarium_window_2, aquarium_window_corner,
          aquarium_view_2d, aquarium_balcony_3b, uniq_duvessa, uniq_eustachio,
          uniq_crazy_yiuf_cottage, uniq_sigmund
D:7:      zin_scriptorium, demons_altar, serial_shops, shop, shop_fountains
Temple:   regret_index_temple_sphere_string

Skill      XL: |  1  2  3  4  5  6  7  8 |
---------------+-------------------------+-----
Necromancy     | 5 6 7 9 |  9.8
Spellcasting   | 4 5 6 7 9 |  9.8
Short Blades   | 1 |  1.3
Stealth        | 3 |  3.0
Dodging        | 3 |  3.0
Fighting       | |  0.4
Charms         | |  0.6

Action                   |  1- 3 |  4- 6 |  7- 9 || total
-------------------------+-------+-------+-------++-------
Melee: Dagger            |       |    26 |    60 ||    86
 Cast: Pain              |    60 |    94 |    52 ||   206
       Animate Skeleton  |     9 |     8 |     9 ||    26
       Vampiric Draining |       |     3 |    18 ||    21
       Regeneration      |       |       |     3 ||     3
 Stab: Sleeping          |       |     4 |     2 ||     6
       Distracted        |       |       |     1 ||     1
  Eat: Chunk             |     6 |     8 |     3 ||    17
       Ration            |       |     1 |     1 ||     2
Armor: Robe              |     3 |     8 |    17 ||    28
Dodge: Dodged            |     9 |    27 |    71 ||   107

Table legend:
 A = Non-vault XP
 B = Vault XP
 C = Vault XP percentage of total XP
 D = Non-vault monster count
 E = Vault monster count
 F = Vault count percentage of total count
 G = Total turns spent on level
                 A         B        C        D         E       F
            +---------+---------+-------+---------+---------+-------
      Total |    1779 |     325 |  15.4 |      85 |      13 |  13.3
            +---------+---------+-------+---------+---------+-------
        D:1 |      17 |       0 |   0.0 |      10 |       0 |   0.0
        D:2 |      30 |       4 |  11.8 |      10 |       2 |  16.7
        D:3 |     119 |      16 |  11.9 |       9 |       8 |  47.1
        D:4 |     178 |       0 |   0.0 |      15 |       0 |   0.0
        D:5 |     313 |     305 |  49.4 |      14 |       3 |  17.6
        D:6 |     296 |       0 |   0.0 |      10 |       0 |   0.0
        D:7 |     809 |       0 |   0.0 |      16 |       0 |   0.0
        D:8 |      17 |       0 |   0.0 |       1 |       0 |   0.0
            +---------+---------+-------+---------+---------+-------
